 Dungeon Crawl Stone Soup version 0.24-a0-447-ge8da9206dc (webtiles) character file.

Game seed: 15317093049588591543

13229 Peloso the Carver (level 11, 0/97 HPs)
             Began as a Minotaur Fighter on June 25, 2019.
             Was the Champion of Okawaru.
             Slain by a meliai
             ... wielding a +0 war axe
              (7 damage)
             ... on level 11 of the Dungeon.
             The game lasted 00:19:25 (10088 turns).

Peloso the Carver (Minotaur Fighter)               Turns: 10088, Time: 00:19:25

Health: 0/97       AC: 18    Str: 22    XL:     11   Next: 72%
Magic:  11/12      EV:  7    Int:  5    God:    Okawaru [******]
Gold:   491        SH: 13    Dex: 12    Spells: 10/10 levels left

rFire    . . .     SeeInvis .   a - +3 double sword (holy)
rCold    . . .     Gourm    .   c - +0 shield
rNeg     . . .     Faith    .   r - +0 plate armour
rPois    +         Spirit   .   (helmet restricted)
rElec    .         Reflect  .   x - +0 cloak
rCorr    .         Harm     .   j - +0 pair of gloves
MR       .....                  (no boots)
Stlth    ..........             (no amulet)
HPRegen  0.26/turn              v - ring of poison resistance
MPRegen  0.13/turn              C - ring of wizardry

@: no status effects
A: retaliatory headbutt, horns 2
a: Heroism, Finesse, Renounce Religion


You were on level 11 of the Dungeon.
You worshipped Okawaru.
Okawaru was exalted by your worship.
You were not hungry.

You visited 2 branches of the dungeon, and saw 11 of its levels.

You collected 491 gold pieces.

Inventory:

Hand Weapons
 a - a +3 double sword of holy wrath (weapon)
 b - a +2 scimitar of flaming
 A - the +10 longbow of Jopsuyppao {venom, *Drain rElec MR+ Str+3, unknown}
   (Okawaru gifted it to you on level 11 of the Dungeon)

   It poisons the ammo it fires.
   It affects your strength (+3).
   It insulates you from electricity.
   It affects your resistance to hostile enchantments.
   It causes draining when unequipped.
Missiles
 g - 26 poisoned darts (quivered)
Armour
 c - a +0 shield (worn)
 j - a +0 pair of gloves (worn)
 r - a +0 plate armour (worn)
 x - a +0 cloak (worn)
Jewellery
 v - a ring of poison resistance (left hand)
 C - a ring of wizardry (right hand)
Wands
 l - a wand of disintegration (3)
 w - a wand of acid (12)
Scrolls
 e - 2 scrolls of fog
 h - a scroll of enchant weapon {unknown}
 k - a scroll of amnesia {unknown}
 m - a scroll of blinking
 n - a scroll of teleportation
 o - 2 scrolls of identify
 p - 2 scrolls of enchant armour
 s - a scroll of remove curse
 y - 2 scrolls of random uselessness {unknown}
Potions
 d - 2 potions of might
 i - 2 potions of agility
 q - a potion of ambrosia
 z - 2 potions of invisibility {unknown}
Miscellaneous
 t - a lamp of fire
 u - a crystal ball of energy
Comestibles
 f - 8 rations
 B - 5 chunks of flesh


   Skills:
 + Level 9.4 Fighting
 + Level 12.6 Long Blades
 + Level 11.1 Armour
 + Level 2.8 Dodging
 + Level 1.3 Stealth
 + Level 11.9 Shields
 + Level 2.9 Invocations
 + Level 1.2 Evocations


You had 10 spell levels left.
You didn't know any spells.
Your spell library was empty.

Dungeon Overview and Level Annotations

Branches:
Dungeon (9/15)             Temple (1/1) D:4            Lair (0/6) D:8
    Orc: D:9-12

Altars:
Ashenzari
Cheibriados
Dithmenos
Elyvilon
Fedhas
Gozag
Hepliaklqana
Kikubaaqudgha
Makhleb
Nemelex Xobeh
Okawaru
Qazlal
Sif Muna
Trog
Uskayaw
Vehumet
Wu Jian
Xom
Zin
The Shining One

Annotations:
D:5 2 transporters


Innate Abilities, Weirdness & Mutations

You reflexively headbutt those who attack you in melee.
You have a pair of horns on your head.


Message History

Unknown command.
Your plate armour prevents you from hitting the meliai.
Your headbutt misses the meliai.
The meliai is severely wounded.
The meliai closely misses you. x2; The yak gores you.
* * * LOW HITPOINT WARNING * * *
The meliai hits you but does no damage. You block the meliai's attack.
You block the yak's attack.
You hit the meliai.
The meliai is severely wounded.
You block the meliai's attack.
The meliai stings you but does no damage.
You block the yak's attack. x2
Unknown command.
You barely miss the meliai.
The meliai is severely wounded.
The meliai hits you but does no damage. The meliai barely misses you.
The yak gores you but does no damage. The meliai barely misses you.
The meliai stings you!
You die...

.. #.###
#..... # #...#
###.Y #...#
......
#...####.....#
#...Y......#
#...†@y..###
##..Y..###
#†÷.### #[###
#...###
#.....###
###.....###
###.....###
##.)....###


You could see 2 yaks and a meliai.

Vanquished Creatures
  A hydra (D:11)
  Erica (D:8)
  2 two-headed ogres
  5 skeletal warriors (D:11)
  A cyclops (D:11)
  An ugly thing (D:11)
  Joseph (D:8)
  Maurice (D:8)
  A tengu conjurer (D:11)
  A troll (D:9)
  4 yaks (D:11)
  A wyvern (D:9)
  Grum (D:8)
  Edmund (D:4)
  A water moccasin (D:8)
  A porcupine (D:8)
  5 sky beasts
  An orc warrior (D:9)
  2 ice beasts (D:6)
  5 black bears
  3 phantoms
  4 ogres
  3 wolves (D:8)
  9 centaurs
  2 crocodiles (D:8)
  A big kobold (D:9)
  5 bullfrogs
  5 scorpions
  5 killer bees (D:11)
  A howler monkey (D:7)
  6 crimson imps
  A jelly (D:9)
  A bullfrog skeleton (D:5)
  Crazy Yiuf (D:6)
  An orc priest (D:3)
  6 hounds
  3 orc wizards
  An iguana (D:8)
  6 worker ants
  A killer bee zombie (D:6)
  2 hound zombies
  A worker ant zombie (D:11)
  13 adders
  4 gnolls (D:5)
  2 shadow imps
  3 adder skeletons
  2 worms (D:2)
  A dart slug (D:3)
  2 leopard geckos (D:6)
  25 orcs
  4 giant cockroaches
  11 goblins
  13 hobgoblins
  5 jackals
  3 quokkas
  3 ball pythons
  8 bats
  6 frilled lizards
  9 kobolds
  A leopard gecko zombie (D:8)
  2 quokka zombies
  12 rats
  A fungus (D:8)
235 creatures vanquished.

Vanquished Creatures (others)
  22 fungi (D:8)
  6 plants (D:8)
28 creatures vanquished.

Grand Total: 263 creatures vanquished

Notes
Turn   | Place    | Note
-------+----------+-------------------------------------------
     0 | D:1      | Peloso the Minotaur Fighter began the quest for the Orb.
     0 | D:1      | Reached XP level 1. HP: 19/19 MP: 0/0
   324 | D:1      | Reached XP level 2. HP: 27/27 MP: 1/1
   921 | D:2      | Found an opulent altar of Gozag.
   977 | D:2      | Reached XP level 3. HP: 11/33 MP: 2/2
  1078 | D:2      | Found a burning altar of Makhleb.
  1200 | D:2      | Reached skill level 3 in Long Blades
  1319 | D:2      | Reached XP level 4. HP: 40/40 MP: 3/3
  1421 | D:2      | Found a shadowy altar of Dithmenos.
  1472 | D:2      | Found a glowing golden altar of the Shining One.
  1515 | D:3      | Found a sparkling altar of Nemelex Xobeh.
  1705 | D:3      | Reached XP level 5. HP: 38/46 MP: 4/4
  1717 | D:3      | Found a hazy altar of Hepliaklqana.
  1825 | D:3      | Reached skill level 1 in Dodging
  1868 | D:3      | Reached skill level 4 in Long Blades
  1903 | D:3      | Reached skill level 5 in Shields
  2420 | D:3      | Reached skill level 5 in Armour
  2544 | D:4      | Noticed a phantom
  2589 | D:4      | Killed a phantom
  2589 | D:4      | Reached skill level 5 in Long Blades
  2589 | D:4      | Reached XP level 6. HP: 21/52 MP: 5/5
  3499 | D:4      | Noticed Edmund
  3511 | D:4      | Killed Edmund
  3561 | D:4      | Found a staircase to the Ecumenical Temple.
  3563 | D:4      | Found a faded altar of an unknown god.
  3570 | Temple   | Entered the Ecumenical Temple
  3662 | Temple   | Became a worshipper of Warmaster Okawaru
  4627 | D:5      | Entered Level 5 of the Dungeon
  4659 | D:5      | Found a bloodstained altar of Trog.
  4710 | D:5      | Reached XP level 7. HP: 59/60 MP: 6/6
  4802 | D:5      | Found a transporter.
  4844 | D:5      | Reached skill level 6 in Long Blades
  4861 | D:5      | Found a transporter.
  4996 | D:5      | Reached skill level 1 in Stealth
  5460 | D:6      | Reached * piety under Okawaru
  5547 | D:6      | Reached XP level 8. HP: 60/67 MP: 7/7
  5568 | D:6      | Reached skill level 7 in Long Blades
  5639 | D:6      | Found a blossoming altar of Fedhas.
  5703 | D:6      | Reached skill level 5 in Fighting
  5708 | D:6      | Reached ** piety under Okawaru
  5827 | D:6      | Found a shimmering altar of Xom.
  5841 | D:6      | Reached skill level 8 in Long Blades
  5902 | D:6      | Found a runed translucent door.
  5903 | D:6      | Noticed Crazy Yiuf
  6076 | D:6      | Killed Crazy Yiuf
  6179 | D:7      | Reached XP level 9. HP: 48/75 MP: 8/8
  6782 | D:8      | Noticed Maurice
  6903 | D:8      | Reached *** piety under Okawaru
  6931 | D:8      | HP: 3/112 [Maurice/+0 short sword (5)]
  7393 | D:8      | Killed Maurice
  7393 | D:8      | Reached skill level 9 in Long Blades
  7527 | D:8      | Noticed a two-headed ogre
  7545 | D:8      | Killed a two-headed ogre
  7549 | D:8      | Reached **** piety under Okawaru
  7651 | D:8      | Reached skill level 1 in Evocations
  7662 | D:8      | Reached skill level 10 in Long Blades
  7700 | D:8      | Reached XP level 10. HP: 43/84 MP: 9/9
  7734 | D:8      | Noticed Joseph
  7757 | D:8      | Killed Joseph
  8006 | D:8      | Noticed Grum
  8025 | D:8      | Found a staircase to the Lair.
  8301 | D:8      | Noticed Erica
  8317 | D:8      | Killed Erica
  8317 | D:8      | Reached skill level 10 in Shields
  8348 | D:8      | Killed Grum
  8350 | D:8      | Reached skill level 10 in Armour
  8353 | D:8      | Reached ***** piety under Okawaru
  8835 | D:9      | Reached skill level 11 in Long Blades
  9124 | D:9      | You fall into a shaft and drop 2 floors!
  9127 | D:11     | Noticed a seven-headed hydra
  9144 | D:11     | HP: 4/88 [four-headed hydra (2)]
  9148 | D:11     | Killed a one-headed hydra
  9148 | D:11     | Received a gift from Okawaru
  9149 | D:11     | Reached XP level 11. HP: 35/94 MP: 8/10
  9196 | D:11     | Got a dazzling longbow {god gift}
  9383 | D:11     | Noticed a skeletal warrior
  9404 | D:11     | Killed a skeletal warrior
  9404 | D:11     | Reached skill level 1 in Invocations
  9479 | D:11     | Noticed a skeletal warrior
  9483 | D:11     | Noticed a skeletal warrior
  9483 | D:11     | Noticed a skeletal warrior
  9490 | D:11     | Killed a skeletal warrior
  9490 | D:11     | Reached skill level 12 in Long Blades
  9494 | D:11     | Noticed a skeletal warrior
  9497 | D:11     | Killed a skeletal warrior
  9501 | D:11     | Killed a skeletal warrior
  9514 | D:11     | Killed a skeletal warrior
 10002 | D:11     | Noticed a two-headed ogre
 10008 | D:11     | Killed a two-headed ogre
 10008 | D:11     | Reached ****** piety under Okawaru
 10023 | D:11     | Noticed a white ugly thing
 10032 | D:11     | Killed a white ugly thing
 10032 | D:11     | Received a gift from Okawaru
 10088 | D:11     | Slain by a meliai

Levels and vault maps discovered:
D:1:      dpeg_arrival_windows_large_door, layout_basic
D:2:      layout_rooms, nicolae_overflow_crystal_walls, lemuel_doored_altar,
          nicolae_overflow_hidden_temple,
          nicolae_gozag_cash_rules_everything_around_me
D:3:      layout_basic, marbit_many_paths, portal_sewer_entry_e,
          nemelex_xobeh_ov_fountains_minmay
D:4:      layout_layer_cave, nicolae_temple_entry_ecumenical, uniq_edmund
D:5:      gammafunk_cloud_chamber, layout_basic, bloody_trog, first_ration,
          kennysheep_pointless_box
D:6:      layout_rooms, fedhas_ov_isle_minmay, basic_altar, minmay_bent,
          uniq_crazy_yiuf_cottage
D:7:      layout_loops_ring
D:8:      layout_cave_pools, due_lair_maze_entry_diamond, uniq_erica,
          uniq_joseph, uniq_maurice, uniq_grum
D:9:      layout_irregular_city
D:11:     minmay_diamond_stairs, layout_rooms
Temple:   eino_temple_scatter_basement

Skill      XL: |  1  2  3  4  5  6  7  8  9 10 11 |
---------------+----------------------------------+-----
Armour         | 4 5 6 7 9 10 11 | 11.1
Shields        | 4 5 6 8 9 10 11 | 11.9
Fighting       | 4 5 6 8 9 |  9.4
Long Blades    | 3 5 6 8 10 11 12 | 12.6
Dodging        | 1 2 |  2.8
Stealth        | 1 |  1.3
Evocations     | 1 |  1.2
Invocations    | 2 |  2.9

Action                   |  1- 3 |  4- 6 |  7- 9 | 10-12 || total
-------------------------+-------+-------+-------+-------++-------
Melee: Long sword        |    75 |   178 |   338 |    53 ||   644
       Headbutt          |    17 |    30 |    73 |    54 ||   174
       Scimitar          |       |       |       |   156 ||   156
       Double sword      |       |       |       |    17 ||    17
Invok: Heroism           |       |       |     2 |     6 ||     8
       Finesse           |       |       |       |     1 ||     1
Evoke: Wand              |       |       |     5 |       ||     5
  Use: Scroll            |       |       |     7 |     3 ||    10
       Potion            |       |       |     2 |     3 ||     5
  Eat: Chunk             |     1 |     5 |     7 |     7 ||    20
       Ration            |       |     2 |     1 |       ||     3
Armor: Scale mail        |    37 |    66 |       |       ||   103
       Plate armour      |       |     9 |   187 |   150 ||   346
Dodge: Dodged            |    26 |    54 |    73 |    90 ||   243
Block: Shield            |    52 |   105 |   211 |   179 ||   547
       Rpst.: Long sword |     6 |    16 |    17 |     2 ||    41
       Scimitar          |       |       |       |    11 ||    11
       Double sword      |       |       |       |     2 ||     2

Table legend:
 A = Non-vault XP
 B = Vault XP
 C = Vault XP percentage of total XP
 D = Non-vault monster count
 E = Vault monster count
 F = Vault count percentage of total count
                 A         B        C        D         E       F
            +---------+---------+-------+---------+---------+-------
      Total |   12762 |    6137 |  32.5 |     200 |      34 |  14.5
            +---------+---------+-------+---------+---------+-------
        D:1 |      40 |       0 |   0.0 |      18 |       0 |   0.0
        D:2 |      66 |       0 |   0.0 |      25 |       0 |   0.0
        D:3 |     189 |      12 |   6.0 |      38 |       9 |  19.1
        D:4 |     174 |     162 |  48.2 |       3 |       1 |  25.0
        D:5 |     368 |       0 |   0.0 |      19 |       0 |   0.0
        D:6 |    1161 |     321 |  21.7 |      27 |       5 |  15.6
        D:7 |     797 |       0 |   0.0 |      11 |       0 |   0.0
        D:8 |    1467 |    3346 |  69.5 |      12 |      15 |  55.6
        D:9 |    1575 |       0 |   0.0 |      20 |       0 |   0.0
       D:11 |    6925 |    2296 |  24.9 |      27 |       4 |  12.9
            +---------+---------+-------+---------+---------+-------
